 Dungeon Crawl Stone Soup version 0.16-a0-3153-gc6d0c83 (webtiles) character file.

29 MackTheKnife the Firebug (level 3, 0/26 HPs)
             Began as a Hill Orc Fire Elementalist on Dec 15, 2014.
             Succumbed to an adder's poison
             ... on level 2 of the Dungeon.
             The game lasted 00:02:55 (1033 turns).

MackTheKnife the Firebug (HOFE)                     Turns: 1033, Time: 00:02:56

Health: 0/26       AC:  2    Str: 10    XL:     3   Next: 16%
Magic:  0/5        EV: 12    Int: 21    God:
Gold:   48         SH:  0    Dex: 11    Spells: 2 memorised, 2 levels left

rFire  . . .     SeeInvis .     e - +0 dagger
rCold  . . .     Clarity  .     a - +0 robe
rNeg   . . .     SustAb   .     (no shield)
rPois  .         Gourm    .     (no helmet)
rElec  .         Spirit   .     (no cloak)
rCorr  .         Warding  .     (no gloves)
rMut   .         Stasis   .     (no boots)
MR     .....                    f - amulet of regeneration
Stlth  ++........               (no ring)
                                (no ring)

@: brilliant, lethally poisoned, not resistant to hostile enchantments,
unstealthy
A: no striking features
a: no special abilities


You were on level 2 of the Dungeon.
You were not hungry.

You visited 1 branch of the dungeon, and saw 2 of its levels.

You collected 48 gold pieces.


   Skills:
 - Level 1.5 Dodging
 - Level 1.5 Stealth
 - Level 1.5 Spellcasting
 + Level 2.0 Conjurations
 + Level 4.1 Fire Magic


You had 2 spell levels left.
You knew the following spells:

 Your Spells              Type           Power        Failure   Level  Hunger
x - Throw Flame           Conj/Fire      ####..       1%          2    ###....
z - Flame Tongue          Conj/Fire      ####.        1%          1    #......

Inventory:

Hand weapons
 e - a +0 dagger (weapon)
Armour
 a - a +0 robe (worn)
Jewellery
 f - an amulet of regeneration (around neck)
Scrolls
 d - 2 scrolls of identify {unknown}
 g - a scroll of teleportation {unknown}
Potions
 h - a potion of brilliance
Books
 b - a book of Flames

   Spells                             Type                      Level
   a - Flame Tongue                   Conjuration/Fire             1
   b - Throw Flame                    Conjuration/Fire             2
   c - Conjure Flame                  Conjuration/Fire             3
   d - Inner Flame                    Hexes/Fire                   3
   e - Sticky Flame                   Conjuration/Fire             4
   f - Fireball                       Conjuration/Fire             5
Comestibles
 c - 2 meat rations
 i - 2 chunks of flesh

{@*1} #.......#####.#### ###
#.......##.......# ..#
#.......##.##.##.#
#.#.#..........##.##.#
##.#.#.#........##..#.# ....
#..........###.#.#
##.###.#........###.#.####
#...##........g..........###
#.#.............o..<.......#
....##.........###...###.#.#####
.#####..#.....##
#.............S# . #.......##
#....##.#.## # ##....#.#
#.......#.# #......#
###.........#
##...#####...)...##### #...#
#.....##..# ...###......>..###


You could see a hobgoblin.


Message History

The adder is severely wounded.
The adder closely misses you.
Drink which item? (? for menu, Esc to quit)
It was a potion of brilliance.
You feel clever all of a sudden. The adder bites you.
* * * LOW HITPOINT WARNING * * *
You are poisoned.
The adder poisons you!
You don't have enough magic to cast that spell.
You feel sick. The adder bites you.
* * * LOW HITPOINT WARNING * * *
You feel sick. The adder bites you.
* * * LOW HITPOINT WARNING * * *
Aiming: Flame Tongue
Aim: an adder (severely wounded)
The flame tongue hits the adder.
You kill the adder!
Your Conjurations skill increases to level 2!
You have reached level 3!
Your experience leads to an increase in your attributes!
Your base attributes are Str 10, Int 15, Dex 11.
Increase (S)trength, (I)ntelligence, or (D)exterity?
You feel clever.
You feel sick. The hobgoblin hits you.
* * * LOW HITPOINT WARNING * * *
You die...

Action                   || total
-------------------------++-------
Melee: Unarmed           ||     2
       Dagger            ||    33
 Cast: Flame Tongue      ||    28
       Throw Flame       ||     1
  Use: Potion            ||     1
  Eat: Chunk             ||     1

Vault maps used:
D:1:      dpeg_arrival_oval

Notes
Turn   | Place    | Note
--------------------------------------------------------------
     0 | D:1      | MackTheKnife, the Hill Orc Fire Elementalist, began the quest for the Orb.
     0 | D:1      | Reached XP level 1. HP: 14/14 MP: 2/2
   355 | D:1      | Reached XP level 2. HP: 20/20 MP: 3/3
   359 | D:1      | Learned a level 2 spell: Throw Flame
   938 | D:2      | Reached skill level 4 in Fire Magic
  1026 | D:2      | HP: 1/20 [adder (3)]
  1029 | D:2      | Reached skill level 2 in Conjurations
  1029 | D:2      | Reached XP level 3. HP: 2/26 MP: 0/5
  1032 | D:2      | HP: 1/26 [hobgoblin (2)]
  1033 | D:2      | Succumbed to an adder's poison

Vanquished Creatures
  An adder (D:2)
  A giant cockroach (D:2)
  4 hobgoblins
  6 kobolds (D:1)
  A bat (D:1)
  3 goblins
  4 rats
20 creatures vanquished.
